 Seeded DCSS version 0.30.1-9-gdf580d7c3d (webtiles) character file.

Game seed: 6351066067085065685 (custom seed)

175 Esekla the Magician (level 5, -1/28 HPs)
             Began as a Deep Elf Wanderer on Sept 28, 2023.
             Was a Follower of Vehumet.
             Slain by a gnoll
             ... wielding a +0 spear
             ... led by a gnoll bouda
              (4 damage)
             ... on level 4 of the Dungeon.
             The game lasted 00:29:36 (2943 turns).

Esekla the Magician (Deep Elf Wanderer)             Turns: 2943, Time: 00:29:36

Health: -1/28      AC:  4    Str: 11    XL:     5   Next: 29%
Magic:  1/15       EV: 12    Int: 20    God:    Vehumet [*.....]
Gold:   195        SH:  4    Dex: 14    Spells: 9/16 levels left

rFire   . . .        s - +5 rapier of the Hero {heavy, rN+ Dex+3}
rCold   . . .        d - +0 buckler
rNeg    + . .        c - +0 robe
rPois   .            l - +0 helmet
rElec   .            (no cloak)
rCorr   .            k - +0 pair of gloves
SInv    .            (no boots)
Will    .....        (no amulet)
Stlth   ++           (no ring)
HPRegen 0.24/turn    (no ring)
MPRegen 0.14/turn

%: no passive effects
@: no status effects
A: no striking features
a: Renounce Religion


You were on level 4 of the Dungeon.
You worshipped Vehumet.
Vehumet was aware of your devotion.
You visited 1 branch of the dungeon, and saw 4 of its levels.

You collected 195 gold pieces.

Inventory:

Hand Weapons
 a - a +1 short sword of freezing
 r - a +0 spear
 s - the +5 rapier of the Hero (weapon) {heavy, rN+ Dex+3}
   (You found it on level 3 of the Dungeon)

   Dex:       It affects your dexterity (+3).
   rN:        It protects you from negative energy.
Missiles
 w - 9 poisoned darts (quivered)
Armour
 c - a +0 robe (worn)
 d - a +0 buckler (worn)
 k - a +0 pair of gloves (worn)
 l - a +0 helmet (worn)
Wands
 i - a wand of roots (9)
Scrolls
 g - 4 scrolls of identify {unknown}
 j - a scroll of blinking {unknown}
 n - a scroll of enchant armour {unknown}
 o - a scroll of amnesia {unknown}
 p - 2 scrolls of enchant weapon {unknown}
 q - a scroll of immolation {unknown}
 t - a scroll of fog {unknown}
Potions
 b - a potion of lignification
 e - a potion of ambrosia {unknown}
 f - a potion of attraction
 h - a potion of heal wounds {unknown}
 m - a potion of mutation {unknown}
 u - a potion of haste {unknown}
 v - a potion of curing
 x - 2 potions of brilliance {unknown}


   Skills:
 + Level 1.1 Short Blades
 * Level 2.6 Dodging
 + Level 1.3 Stealth
 + Level 1.6 Shields
 * Level 6.2 Spellcasting
 + Level 0.9 Conjurations
 * Level 2.2 Necromancy
 + Level 2.6 Translocations
 + Level 1.0 Invocations


You had 9 spell levels left.
You knew the following spells:

 Your Spells              Type           Power      Damage    Failure   Level
a - Magic Dart            Conj           36%        1d4       11%         1
b - Blink                 Tloc           32%        N/A       8%          2
d - Vampiric Draining     Necr           15%        2d7       19%         3
p - Apportation           Tloc           32%        N/A       4%          1

Your spell library contained the following spells:

 Spells                   Type           Power      Damage    Failure   Level
 Sandblast                Erth           12%        2d6       16%         1
 Lesser Beckoning         Tloc           32%        N/A       8%          2
 Gell's Gravitas          Tloc           16%        N/A       16%         3
 Teleport Other           Tloc           16%        N/A       16%         3
 Ignite Poison            Fire/Tmut/Pois 6%         N/A       41%         3


Dungeon Overview and Level Annotations

Branches:
Dungeon (4/15)
 Temple: D:4-7

Altars:
Hepliaklqana
Okawaru
Qazlal
Trog
Vehumet
Zin
The Shining One

Shops:
D:2 =   D:4 (


Message History

You block the adder's attack.
Casting: Vampiric Draining (quite dangerous; 19% risk of failure)
Confirm with . or Enter, or press ? or * to list all spells.
The spell is quite dangerous to miscast (19% risk of failure)!
Continue anyway?
Aiming: Vampiric Draining (quite dangerous; 19% risk of failure)
Press: ? - help, Shift-Dir - straight line, f/p - adder
Aim: an adder (severely wounded)
You draw life force from the adder!
You kill the adder!
Vehumet accepts your kill.
You feel life coursing into your body.
Your +1 short sword of freezing stops glowing.
You feel agile.
s - the +5 rapier of the Hero (weapon)
{heavy, rN+ Dex+3} The gnoll bouda hits you with a +0 club.
Casting: Vampiric Draining (quite dangerous; 19% risk of failure)
Confirm with . or Enter, or press ? or * to list all spells.
The spell is quite dangerous to miscast (19% risk of failure)!
Continue anyway?
Aiming: Vampiric Draining (quite dangerous; 19% risk of failure)
Press: ? - help, Shift-Dir - straight line, f - gnoll bouda
Aim: a gnoll bouda, wielding a +0 club and wearing a +0 leather armour You draw life force from the gnoll bouda!
You feel life coursing into your body.
The gnoll bouda hits you with a +0 club!
* * * LOW HITPOINT WARNING * * *
Casting: Vampiric Draining (quite dangerous; 19% risk of failure)
Confirm with . or Enter, or press ? or * to list all spells.
The spell is quite dangerous to miscast (19% risk of failure)!
Continue anyway?
Aiming: Vampiric Draining (quite dangerous; 19% risk of failure)
Press: ? - help, Shift-Dir - straight line, f/p - gnoll bouda
Aim: a gnoll bouda, wielding a +0 club and wearing a +0 leather armour (heavily wounded)
You draw life force from the gnoll bouda!
You feel life coursing into your body.
The gnoll bouda hits you with a +0 club!
* * * LOW HITPOINT WARNING * * *
You hit the gnoll bouda.
You kill the gnoll bouda!
Vehumet accepts your kill. The gnoll hits you with a +0 spear.
You die...

#....##...............### #.
........................####.
..............##.............
............................# ..
.........g.................. ...
####.....ggg.#####)..........
...##.........#.'#.#.#+(...##....
............gg###g.#..##...##....
........g.....##@._#_..#....#....
........w.....##########....+....
.......o......##.._#_..#....#....
.......####'#####..#..##.........
.............g'.'#.#.#'..#......#
........w...###..#####...#.......
............###..........#.......
..........#.##.S..............#..
......#####.##.o........##....#.#


You could see a gnoll (swift).

Vanquished Creatures
  A gnoll bouda (D:4)
  A hound (D:3)
  An iguana (D:2)
  3 gnolls
  4 adders
  2 dart slugs
  3 orcs (D:3)
  4 endoplasms
  8 goblins
  4 hobgoblins
  A quokka (D:1)
  6 ball pythons
  4 bats
  4 frilled lizards
  5 kobolds
  A rat (D:2)
52 creatures vanquished.

Notes
Turn   | Place    | Note
-------+----------+-------------------------------------------
     0 | D:1      | Esekla the Deep Elf Wanderer began the quest for the Orb.
     0 | D:1      | Esekla set off with the following items: a +0 club, a
                  | potion of lignification, a +0 robe, a +0 buckler; and the
                  | following spells available to memorise: Apportation, Blink,
                  | Lesser Beckoning, Magic Dart, Ignite Poison, Vampiric
                  | Draining.
     0 | D:1      | Reached XP level 1. HP: 10/10 MP: 7/7
     2 | D:1      | Learned a level 1 spell: Magic Dart
     4 | D:1      | Learned a level 1 spell: Apportation
   241 | D:2      | Found Renulab's Jewellery Shop.
   436 | D:4      | Found a radiant altar of Vehumet.
   444 | D:4      | Found an iron altar of Okawaru.
   455 | D:4      | Found a glowing silver altar of Zin.
   542 | D:4      | Became a worshipper of Vehumet
   713 | D:3      | Reached XP level 2. HP: 15/15 MP: 9/9
   716 | D:3      | Learned a level 2 spell: Blink
   899 | D:4      | Found Ponaysk's Antique Weapon Boutique.
  1051 | D:3      | Reached skill level 1 in Dodging
  1103 | D:3      | Reached skill level 5 in Spellcasting
  1206 | D:3      | Identified the +5 rapier of the Hero {heavy, rN+ Dex+3}
                  | (You found it on level 3 of the Dungeon)
  1321 | D:2      | Reached XP level 3. HP: 16/19 MP: 6/11
  1325 | D:2      | Learned a level 3 spell: Vampiric Draining
  1574 | D:1      | Reached * piety under Vehumet
  1574 | D:1      | Offered knowledge of Sandblast by Vehumet.
  1981 | D:2      | Reached skill level 1 in Necromancy
  2046 | D:2      | Reached XP level 4. HP: 24/24 MP: 11/13
  2139 | D:2      | Found a faded altar of an unknown god.
  2244 | D:2      | Reached skill level 1 in Short Blades
  2432 | D:2      | Noticed a black bear
  2644 | D:3      | Found a stormy altar of Qazlal.
  2681 | D:3      | Reached skill level 6 in Spellcasting
  2681 | D:3      | Reached XP level 5. HP: 23/28 MP: 7/15
  2685 | D:3      | Found a hazy altar of Hepliaklqana.
  2685 | D:3      | Found a bloodstained altar of Trog.
  2868 | D:4      | Found a glowing golden altar of the Shining One.
  2943 | D:4      | Slain by a gnoll

Illustrated notes

Levels and vault maps discovered:
D:1:      sevenhm_arrival_forest_fort_small_3, layout_rooms,
          chequers_serial_rivers_room_b, minmay_misc_feat_five
D:2:      layout_loops_ring, dreamdust_ecumenical_altar_angels_and_demons,
          serial_shops, shop
D:3:      layout_basic, grunt_temple_overflow_open, minmay_misc_feat_iff
D:4:      layout_basic, nicolae_overflow_quartered_altars, serial_shops,
          nicolae_diamond_shop

Skill      XL: |  1  2  3  4 |
---------------+-------------+-----
Dodging        | 1 2 |  2.6
Spellcasting   | 5 6 |  6.2
Necromancy     | 1 2 |  2.2
Short Blades   | 1 |  1.1
Stealth        | |  1.3
Shields        | |  1.6
Conjurations   | |  0.9
Translocations | |  2.6
Invocations    | |  1.0

Action                     |  1- 3 |  4- 6 || total
---------------------------+-------+-------++-------
  Melee: Short sword       |   108 |    26 ||   134
         Rapier            |       |     1 ||     1
  Throw: Dart              |       |     8 ||     8
   Cast: Apportation       |    30 |     5 ||    35
         Magic Dart        |    37 |    10 ||    47
         Blink             |     1 |     4 ||     5
         Vampiric Draining |       |    11 ||    11
    Use: Scroll            |     1 |       ||     1
         Potion            |     2 |       ||     2
   Stab: Sleeping          |       |     1 ||     1
 Armour: Robe              |    31 |     4 ||    35
  Dodge: Dodged            |    75 |    16 ||    91
  Block: Buckler           |    16 |    10 ||    26
